 Dungeon Sprint DCSS version 0.23.1 (webtiles) character file.

Game seed: 8022302704343745450

1822 nuthulu the Grappler (level 8, -4/93 HPs)
             Began as a Troll Berserker on Mar 4, 2019.
             Was a High Priest of Trog.
             Slain by a polar bear (8 damage)
             ... while paralysed by a hornet
             ... in the Dungeon (Sprint II: "The Violet Keep of Menkaure").
             The game lasted 00:02:49 (551 turns).

nuthulu the Grappler (Troll Berserker)               Turns: 551, Time: 00:02:50

Health: -4/93      AC:  8    Str: 28    XL:     8   Next: 85%
Magic:  7/7        EV:  1    Int:  3    God:    Trog [*****.]
Gold:   46         SH:  0    Dex:  9    Spells: 7/7 levels left

rFire    . . .     SeeInvis .     - Unarmed
rCold    . . .     Gourm    +   (no shield)
rNeg     . . .     Faith    .   a - +0 animal skin
rPois    .         Spirit   .   j - +2 hat
rElec    .         Reflect  .   (no cloak)
rCorr    .         Harm     .   (gloves unavailable)
MR       ++...     NoTele   +   (boots unavailable)
Stlth    +.........             (no amulet)
HPRegen  1.65/turn              k - +3 ring of slaying
MPRegen  0.10/turn              (no ring)

@: paralysed, lethally poisoned (-4 -> -5), very slightly contaminated,
regenerating, slowed
A: large, unfitting armour, claws 3, fast metabolism 3, gourmand, regeneration
1, shaggy fur 1, tough skin 3
a: Berserk, Trog's Hand, Brothers in Arms, Renounce Religion


You were in the Dungeon.
You worshipped Trog.
Trog was extremely pleased with you.
You were very full.

You visited 1 branch You collected 976 gold pieces.
You spent 930 gold pieces at shops.

Inventory:

Armour
 a - a +0 animal skin (worn)
 j - a +2 hat (worn)
Jewellery
 k - a +3 ring of slaying (left claw)
Potions
 c - a potion of curing
 d - a potion of heal wounds
 e - a potion of haste
 f - 2 potions of magic
 g - a potion of berserk rage
Comestibles
 b - 2 rations


   Skills:
 + Level 10.0 Fighting
 + Level 10.1 Dodging
 + Level 11.8 Unarmed Combat


You had 7 spell levels left.
You didn't know any spells.
Your spell library was empty.

Dungeon Overview and Level Annotations

Branches:
Dungeon (1/1)

Altars:
Cheibriados
Dithmenos
Elyvilon
Fedhas
Gozag
Hepliaklqana
Kikubaaqudgha
Makhleb
Nemelex Xobeh
Okawaru
Qazlal
Ru
Sif Muna
Trog
Uskayaw
Vehumet
Wu Jian
Xom
Yredelemnul
Zin
The Shining One
Beogh
Jiyva
Lugonu

Shops:
D [:[}%}!?(=:!(!:=

Annotations:
D exclusion: oklob plant


Innate Abilities, Weirdness & Mutations

You are too large for most types of armour.
You have claws for hands.
Your metabolism is lightning-fast.
You like to eat raw meat.
Your natural rate of healing is unusually fast.
You are covered in fur. (AC +1)
You have extremely tough skin. (AC +3)


Message History

The hornet stings you!
You feel as though you will be slow longer.
Unknown command.
Press < or > to pray at altars.
You fail to use your ability.
The hornet stings you!
* * * LOW HITPOINT WARNING * * *
You are poisoned.
You suddenly lose the ability to move!
The polar bear completely misses you.
The polar bear claws you but does no damage. x2
The hornet stings you but does no damage.
The polar bear bites you but does no damage.
The polar bear claws you.
* * * LOW HITPOINT WARNING * * *
The polar bear claws you but does no damage.
You feel sick. The hornet stings you!
* * * LOW HITPOINT WARNING * * *
You are more poisoned.
You feel as though you will be slow longer.
The polar bear bites you!
You die... .#..#....# ...# .).####..## #..# .# ))? #'###.##..# +..# .# ?![ #.##...#..# #..# .# )?![

.<.†##.+..### ..##.#▓![)(
#.##...#....###...##▓▓▓▓▓
#'###.##......≈≈h≈≈≈≈≈≈≈≈
#.#####≈≈..§§.≈#y########
.#..#≈≈≈≈≈≈§..≈#@h_._...#
.#.##≈≈≈≈§≈§≈.≈#._._._._#
#+##≈≈≈§§≈≈§§≈≈#_._._._.#
≈ ≈≈≈≈≈§§§§≈≈≈#._._._._#
+# ++#≈≈§≈≈≈≈≈≈#.._._._.#
○ ##≈≈≈###§§#..._._._# #≈
#§§#...._._.#
#≈≈#....._..#


You could see 2 polar bears and a hornet.

Vanquished Creatures
  A merfolk siren (D)
  A yaktaur (D)
  A polar bear (D)
  A blink frog (D)
  2 hippogriffs (D)
  4 necrophages (D)
  A crocodile (D)
  4 worker ants (D)
15 creatures vanquished.

Vanquished Creatures (others)
  Menkaure (D)
  A crocodile (D)
2 creatures vanquished.

Grand Total: 17 creatures vanquished

Notes
Turn   | Place    | Note
-------+----------+-------------------------------------------
     0 | D        | nuthulu the Troll Berserker began the quest for the Orb.
     0 | D        | Reached XP level 1. HP: 22/22 MP: 0/0
     1 | D        | Noticed a hippogriff
     1 | D        | Noticed a hippogriff
     5 | D        | Noticed a worker ant
     5 | D        | Noticed a worker ant
    12 | D        | Killed a worker ant
    12 | D        | Reached skill level 4 in Unarmed Combat
    12 | D        | Reached XP level 2. HP: 20/32 MP: 1/1
    16 | D        | Killed a crocodile
    18 | D        | Reached skill level 5 in Unarmed Combat
    18 | D        | Reached XP level 3. HP: 21/39 MP: 2/2
    19 | D        | Killed Menkaure
   154 | D        | Reached ** piety under Trog
   154 | D        | Reached XP level 4. HP: 47/49 MP: 3/3
   222 | D        | Noticed a necrophage
   222 | D        | Noticed a necrophage
   222 | D        | Noticed a necrophage
   222 | D        | Noticed a necrophage
   224 | D        | Killed a necrophage
   224 | D        | Reached skill level 5 in Fighting
   224 | D        | Reached skill level 5 in Dodging
   224 | D        | Reached skill level 7 in Unarmed Combat
   224 | D        | Reached XP level 5. HP: 59/59 MP: 4/4
   230 | D        | Killed a necrophage
   230 | D        | Reached XP level 6. HP: 68/68 MP: 5/5
   234 | D        | Reached *** piety under Trog
   234 | D        | Reached skill level 8 in Unarmed Combat
   237 | D        | Reached skill level 9 in Unarmed Combat
   297 | D        | Noticed a merfolk siren
   302 | D        | Killed a merfolk siren
   302 | D        | Reached skill level 10 in Unarmed Combat
   302 | D        | Reached XP level 7. HP: 81/81 MP: 6/6
   313 | D        | Killed a hippogriff
   313 | D        | Reached **** piety under Trog
   319 | D        | Killed a hippogriff
   319 | D        | Reached XP level 8. HP: 53/92 MP: 7/7
   428 | D        | Found Udolaja's Distillery.
   428 | D        | Found Tuijuac's Jewellery Emporium.
   428 | D        | Found Wita's Jewellery Shoppe.
   428 | D        | Found Baypp's Antique Weapon Shoppe.
   428 | D        | Found Guor's Book Shoppe.
   428 | D        | Found Lonnod's Weapon Emporium.
   428 | D        | Found Ysiotyod's Distillery.
   428 | D        | Found Mearphemu's Magic Scroll Shoppe.
   429 | D        | Found Qireer's Distillery.
   429 | D        | Found Innumnez's Gadget Shoppe.
   429 | D        | Found Piyps's Food Shoppe.
   430 | D        | Found Vuriorr's Book Emporium.
   435 | D        | Found Ohagrat's Gadget Shoppe.
   435 | D        | Found Yschuzolo's Antique Armour Emporium.
   435 | D        | Noticed a death yak
   435 | D        | Noticed an oklob plant
   436 | D        | Found Atteleysmy's Antique Armour Shoppe.
   436 | D        | Found Epnicuos's Book Shoppe.
   436 | D        | Noticed a slime creature
   436 | D        | Noticed a slime creature
   437 | D        | Noticed a slime creature
   458 | D        | Bought a potion of heal wounds for 70 gold pieces
   464 | D        | Noticed a hell hog
   464 | D        | Noticed a hell hog
   466 | D        | Bought a potion of heal wounds for 55 gold pieces
   468 | D        | Bought a glowing hat for 175 gold pieces
   476 | D        | Bought a +3 ring of slaying for 630 gold pieces
   492 | D        | Noticed a blink frog
   494 | D        | Killed a blink frog
   494 | D        | Reached skill level 11 in Unarmed Combat
   514 | D        | Noticed an ice statue
   525 | D        | Found an iron altar of Okawaru.
   525 | D        | Found an opulent altar of Gozag.
   526 | D        | Found a sparkling altar of Nemelex Xobeh.
   526 | D        | Found a blossoming altar of Fedhas.
   527 | D        | Found a radiant altar of Vehumet.
   527 | D        | Found a burning altar of Makhleb.
   527 | D        | Found a white marble altar of Elyvilon.
   528 | D        | Found a hide-covered altar of Uskayaw.
   528 | D        | Found a corrupted altar of Lugonu.
   528 | D        | Found a shadowy altar of Dithmenos.
   529 | D        | Found a glowing silver altar of Zin.
   529 | D        | Found a bloodstained altar of Trog.
   529 | D        | Found an ancient bone altar of Kikubaaqudgha.
   530 | D        | Found a basalt altar of Yredelemnul.
   530 | D        | Found a deep blue altar of Sif Muna.
   530 | D        | Found a viscous altar of Jiyva.
   530 | D        | Found a snail-covered altar of Cheibriados.
   531 | D        | Found a shimmering altar of Xom.
   531 | D        | Found a sacrificial altar of Ru.
   533 | D        | Found a glowing golden altar of the Shining One.
   533 | D        | Found an ornate altar of the Wu Jian Council.
   533 | D        | Found a stormy altar of Qazlal.
   533 | D        | Found a hazy altar of Hepliaklqana.
   533 | D        | Noticed a hornet
   533 | D        | Noticed a polar bear
   533 | D        | Noticed a polar bear
   534 | D        | Found a roughly hewn altar of Beogh.
   534 | D        | Noticed a yaktaur
   535 | D        | Noticed a polar bear
   539 | D        | Killed a polar bear
   545 | D        | Killed a yaktaur
   545 | D        | Reached ***** piety under Trog
   545 | D        | Reached skill level 10 in Fighting
   545 | D        | Reached skill level 10 in Dodging
   550 | D        | Paralysed by a hornet for 3 turns
   551 | D        | HP: 4/93 [hornet (14)]
   551 | D        | Slain by a polar bear

Skill      XL: |  1  2  3  4  5  6  7  8 |
---------------+-------------------------+-----
Fighting       | 3 4 5 6 8 9 10 | 10.0
Dodging        | 3 4 5 6 8 9 10 | 10.1
Unarmed Combat | 4 5 7 10 11 | 11.8

Action                   |  1- 3 |  4- 6 |  7- 9 || total
-------------------------+-------+-------+-------++-------
Melee: Unarmed           |    16 |    24 |    20 ||    60
       Punch             |       |     1 |     2 ||     3
Invok: Trog's Hand       |       |       |     1 ||     1
  Use: Potion            |       |       |     2 ||     2
       Scroll            |       |       |     1 ||     1
  Eat: Chunk             |     6 |       |     3 ||     9
Armor: Animal skin       |     7 |     1 |    24 ||    32
Dodge: Dodged            |     7 |    12 |    40 ||    59
